 Dungeon Crawl Stone Soup version 0.16-a0-3963-gf3423b3 (console) character file.

7828 MarvinPA the Carver (level 11, -4/81 HPs)
             Began as a Mummy Artificer on Feb 10, 2015.
             Was an Initiate of Gozag.
             Engulfed by a cloud of freezing vapour (9 damage)
             ... in an ice cave.
             The game lasted 00:50:28 (12984 turns).

MarvinPA the Carver (Mummy Artificer)              Turns: 12984, Time: 00:50:28

Health: -4/81      AC: 15    Str: 17    XL:     11   Next: 1%
Magic:  15/15      EV: 12    Int: 11    God:    Gozag
Gold:   354        SH:  0    Dex: 12    Spells: 0 memorised, 10 levels left

rFire  x . .     SeeInvis .     c - +0 great sword (protect)
rCold  + . .     Clarity  .     z - +2 ring mail of Salvation {+Blink rElec rN+ rCorr}
rNeg   + + +     SustAb   .     (no shield)
rPois  ∞         Gourm    .     r - +1 helmet
rElec  +         Spirit   .     (no cloak)
rCorr  +         Warding  .     (no gloves)
rMut   .         Stasis   .     t - +0 pair of boots
MR     +....                    s - amulet of resist corrosion
Stlth  +.........               (no ring)
                                (no ring)

@: somewhat resistant to hostile enchantments, very unstealthy
A: no food or potions, fire vulnerability, restore body, cold resistance 1,
negative energy resistance 3, poison resistance, torment resistance, unbreathing
a: Potion Petition, Call Merchant, Bribe Branch, Renounce Religion, Evoke Blink


You were in an ice cave.
You worshipped Gozag.
Gozag was noncommittal.
You were not hungry.

You visited 2 branches of the dungeon, and saw 11 of its levels.
You also visited: Ossuary and Ice Cave.

You collected 1116 gold pieces.
You paid 762 gold pieces to Gozag.


Innate Abilities, Weirdness & Mutations

You do not eat or drink.
Your flesh is vulnerable to fire.
Your flesh is cold resistant.
You are immune to negative energy.
Your system is resistant to poisons.
You are immune to unholy pain and torment.
You can survive without breathing.


   Skills:
 - Level 6.0 Fighting
 - Level 5.6(9.3) Short Blades
 + Level 11.4(11.9) Long Blades
 - Level 3.8 Dodging
 - Level 0.7 Stealth
 - Level 2.4 Evocations


You had 10 spell levels left.
You didn't know any spells.

Inventory:

Hand weapons
 a - a +1 falchion of electrocution
 b - a +0 blowgun
 c - a +0 great sword of protection (weapon)
 A - a +3 dagger of distortion
Missiles
 i - 45 poisoned needles
Armour
 r - a +1 helmet (worn)
 t - a +0 pair of boots (worn)
 y - the +1 cloak "Xemiogh Reps" {+Fly rF+ rC-}
   (You found it on level 8 of the Dungeon)

   It protects you from fire.
   It makes you vulnerable to cold.
   It lets you fly.
 z - the +2 ring mail of Salvation (worn) {+Blink rElec rN+ rCorr}
   (You found it on level 5 of the Dungeon)

   It insulates you from electricity.
   It protects you from negative energy.
   It lets you blink.
   It protects you from acid and corrosion.
Jewellery
 s - an amulet of resist corrosion (around neck)
Magical devices
 d - a wand of random effects (6)
 o - a wand of frost (0)
 q - a wand of enslavement (6)
 w - a wand of digging (7)
Scrolls
 f - a scroll of identify {@r1}
 g - 2 scrolls of amnesia
 h - 4 scrolls of fear
 j - 3 scrolls of teleportation {@r4}
 l - 2 scrolls of remove curse
 m - 3 scrolls of enchant weapon
 p - 5 scrolls of recharging
 u - a scroll of enchant armour
 v - 2 scrolls of magic mapping
 B - a scroll of summoning
Miscellaneous
 e - a legendary deck of war {drawn: 5}

Dungeon Overview and Level Annotations

Branches:
Dungeon (10/15)            Temple (0/1) D:7            Lair (1/8) D:9
    Orc: D:9-12

Altars:
Ashenzari
Cheibriados
Dithmenos
Elyvilon
Gozag
Makhleb
Trog
Vehumet
Xom
Yredelemnul
The Shining One

Shops:
D:8 }

Annotations:
IceCv exclusion: ice statue

### #h.##
##£Yh.#
##### ##M##
##### ##u##
#### ####
######
#######
##.#######
#.#..8...##


You could see a friendly cyan ugly thing.


Message History

Your cyan ugly thing closely misses the polar bear.
You hit the polar bear but do no damage.
The polar bear is severely wounded.
The polar bear goes berserk!
Your cyan ugly thing gores the polar bear!
Your cyan ugly thing shocks the polar bear!
The polar bear dies!
Really walk into a travel-excluded area?
You see here 17 gold pieces.
You now have 325 gold pieces (gained 17).
The ice statue throws cold at you. The bolt of cold misses you.
The ice statue throws cold at you.
The bolt of cold hits your cyan ugly thing.
The bolt of cold misses you.
Your magical contamination has completely faded away.
You now have 354 gold pieces (gained 29).
There are no items here.
You start resting.
You are engulfed in freezing vapours.
You resist.
* * * LOW HITPOINT WARNING * * *
Your cleaving frenzy subsides.
Your cyan ugly thing is engulfed in freezing vapours.
Enter note: oh right Use which ability? (? or * to list)
You need at least 390 gold to purchase potions right now!
Enter note: rip You are engulfed in freezing vapours.
You resist.
You die...
Your body crumbles into a pile of gold.

Action                   |  1- 3 |  4- 6 |  7- 9 | 10-12 || total
-------------------------+-------+-------+-------+-------++-------
Melee: Short sword       |   161 |   310 |   291 |       ||   762
       Falchion          |       |       |   438 |   252 ||   690
       Great sword       |       |       |    11 |    67 ||    78
 Fire: Blowgun           |       |       |    20 |    12 ||    32
Throw: Stone             |     8 |     8 |    11 |       ||    27
       Javelin           |       |       |     4 |     4 ||     8
Invok: Potion Petition   |       |       |       |     1 ||     1
Evoke: Wand              |     7 |    22 |    30 |     3 ||    62
       Deck              |       |       |       |     5 ||     5
  Use: Scroll            |       |       |    12 |     4 ||    16
 Stab: Sleeping          |       |     1 |       |       ||     1
       Betrayed ally     |       |       |     1 |       ||     1
       Distracted        |       |       |       |     1 ||     1

Vault maps used:
D:1:      sevenhm_arrival_forest_fort_small_4, item_on_display_a
D:2:      lemuel_upstairs_altar, first_bread, minmay_misc_feat_tiny,
          uniq_crazy_yiuf_cottage
D:3:      lemuel_doored_altar, minmay_liquid_box, minmay_misc_feat_iff,
          uniq_terence, uniq_robin, uniq_grinder
D:4:      cheibrodos_ashenzari_chains, uniq_eustachio, uniq_menkaure
D:5:      kennysheep_little_box, old_standard_altar, cheibriados_altar_1
D:6:      bloody_trog, nicolae_gozag_seed_capital, nicolae_ossuary_entry_ruins,
          bloody_makhleb
D:7:      overflow_temple_1_default, minmay_temple_entry_butterflies,
          grunt_livestock, minmay_misc_feat_square
D:8:      nicolae_dithmenos_the_darkroom, serial_shops, shop, water_boxes_lemuel
D:9:      lair_0_dummy, uniq_prince_ribbit1
D:10:     orc_0_dummy
Lair:1:   beast_lair_carwin_large_4, enter_volcano_3,
          portal_ice_cave_entry_pillars_02, hibernation_bobbens
Ossuary:  ossuary_tomb_1
IceCv:    ice_cave_caverns_03

Notes
Turn   | Place    | Note
--------------------------------------------------------------
     0 | D:1      | MarvinPA, the Mummy Artificer, began the quest for the Orb.
     0 | D:1      | Reached XP level 1. HP: 15/15 MP: 1/1
    51 | D:1      | You fall through a shaft!
   200 | D:2      | Reached skill level 2 in Fighting
   200 | D:2      | Reached XP level 2. HP: 6/23 MP: 2/2
   967 | D:2      | Reached skill level 3 in Fighting
   967 | D:2      | Reached XP level 3. HP: 16/29 MP: 4/4
  1591 | D:2      | Reached skill level 4 in Fighting
  1591 | D:2      | Reached XP level 4. HP: 13/37 MP: 5/5
  3188 | D:2      | Noticed Crazy Yiuf
  3197 | D:2      | Killed Crazy Yiuf
  3382 | D:3      | Noticed Grinder
  3389 | D:3      | Noticed Grinder
  3389 | D:3      | Grinder changed into Grinder the white imp
  3390 | D:3      | Grinder the white imp changed into Grinder the crimson imp
  3398 | D:3      | Reached skill level 5 in Fighting
  3398 | D:3      | Reached XP level 5. HP: 42/44 MP: 7/7
  3713 | D:3      | Noticed Terence
  3726 | D:3      | Killed Terence
  3771 | D:3      | Noticed Robin
  3786 | D:3      | ow
  3806 | D:3      | Robin (ally) was killed
  3806 | D:3      | Your ally died
  4202 | D:2      | Found a white marble altar of Elyvilon.
  4325 | D:3      | Reached skill level 6 in Fighting
  4508 | D:3      | Reached XP level 6. HP: 48/52 MP: 8/8
  4536 | D:3      | Found a shimmering altar of Xom.
  4558 | D:3      | Reached skill level 1 in Short Blades
  4722 | D:4      | Reached skill level 2 in Dodging
  4953 | D:4      | Noticed Eustachio
  5048 | D:4      | Killed Eustachio
  5048 | D:4      | Reached skill level 2 in Short Blades
  5072 | D:4      | Found a shattered altar of Ashenzari.
  5196 | D:4      | Reached skill level 3 in Dodging
  5196 | D:4      | Reached XP level 7. HP: 54/58 MP: 9/9
  5579 | D:4      | Reached skill level 3 in Short Blades
  5664 | D:4      | Noticed Menkaure
  5674 | D:4      | Killed Menkaure
  6038 | D:5      | Entered Level 5 of the Dungeon
  6060 | D:5      | Found a basalt altar of Yredelemnul.
  6170 | D:5      | Reached skill level 4 in Short Blades
  6499 | D:5      | Reached XP level 8. HP: 45/64 MP: 11/11
  6579 | D:5      | wow good
  6790 | D:5      | Reached skill level 5 in Short Blades
  6810 | D:5      | Found a snail-covered altar of Cheibriados.
  6814 | D:5      | Got an ancient chain mail
  6825 | D:5      | Identified the +0 chain mail "Jotug" {rN+ Dex+4 Slay-4} (You found it on level 5 of the Dungeon)
  6825 | D:5      | good
  6894 | D:5      | Got a steaming ring mail
  6905 | D:5      | Identified the +2 ring mail of Salvation {+Blink rElec rN+ rCorr} (You found it on level 5 of the Dungeon)
  6942 | D:5      | Found a glowing golden altar of the Shining One.
  7107 | D:6      | Found a sand-covered staircase.
  7141 | Ossuary  | Entered an ossuary
  7236 | Ossuary  | Reached skill level 1 in Long Blades
  7376 | Ossuary  | Reached skill level 2 in Long Blades
  7429 | Ossuary  | Reached skill level 3 in Long Blades
  7575 | D:6      | Found a bloodstained altar of Trog.
  7860 | D:6      | Reached skill level 4 in Long Blades
  7985 | D:6      | Reached XP level 9. HP: 67/69 MP: 12/12
  8011 | D:6      | Reached skill level 5 in Long Blades
  8469 | D:6      | Found an opulent altar of Gozag.
  8490 | D:6      | Became a worshipper of Gozag Ym Sagoz the Greedy
  8554 | D:6      | Found a burning altar of Makhleb.
  8574 | D:6      | Reached skill level 6 in Long Blades
  9236 | D:7      | Reached skill level 7 in Long Blades
  9295 | D:7      | Found a staircase to the Ecumenical Temple.
  9444 | D:7      | Found a radiant altar of Vehumet.
  9950 | D:8      | Reached skill level 8 in Long Blades
 10222 | D:8      | Found Xixyi's Gadget Shoppe.
 10566 | D:8      | Got a polished cloak
 10577 | D:8      | Identified the +1 cloak "Xemiogh Reps" {+Fly rF+ rC-} (You found it on level 8 of the Dungeon)
 10577 | D:8      | sure
 10589 | D:8      | Reached XP level 10. HP: 62/76 MP: 14/14
 10682 | D:8      | Found a shadowy altar of Dithmenos.
 10914 | D:8      | Reached skill level 9 in Long Blades
 11513 | D:9      | Found a staircase to the Lair.
 11691 | D:10     | Entered Level 10 of the Dungeon
 11833 | D:9      | Reached skill level 10 in Long Blades
 11915 | D:9      | Noticed Prince Ribbit
 12224 | D:9      | Killed Prince Ribbit
 12412 | Lair:1   | Entered Level 1 of the Lair of Beasts
 12413 | Lair:1   | oh no
 12428 | Lair:1   | i guess really i want the billion rF+ armours from the volcano
 12428 | Lair:1   | maybe i can do both
 12428 | Lair:1   | Found a frozen archway.
 12435 | IceCv    | Entered an ice cave
 12444 | IceCv    | probably not
 12479 | IceCv    | Reached skill level 11 in Long Blades
 12765 | IceCv    | Noticed an ice statue
 12926 | IceCv    | HP: 6/76 [yak (9)]
 12927 | IceCv    | hmm
 12930 | IceCv    | perfect
 12930 | IceCv    | ???
 12955 | IceCv    | Reached XP level 11. HP: 37/81 MP: 15/15
 12958 | IceCv    | ow
 12962 | IceCv    | HP: 8/81 [polar bear (10)]
 12983 | IceCv    | HP: 5/81 [something (8)]
 12984 | IceCv    | oh right
 12984 | IceCv    | rip
 12984 | IceCv    | Engulfed by a cloud of freezing vapour

Vanquished Creatures
  2 polar bears (IceCv)
  Prince Ribbit (D:9)
  A troll (D:8)
  5 centaurs
  A two-headed ogre (D:8)
  A hungry ghost (D:9)
  A human (D:7)
  5 yaks
  Eustachio (D:4)
  6 wolves (IceCv)
  A water moccasin (Lair:1)
  7 ice beasts
  2 phantoms
  3 orc warriors
  A dwarf (D:5)
  5 ogres
  3 sky beasts
  A necrophage (D:6)
  2 elf zombies (Ossuary)
  A gnoll sergeant (D:4)
  6 giant frogs
  A scorpion (D:7)
  3 wights (D:6)
  5 crimson imps
  An electric eel (D:8)
  3 hounds (D:5)
  A goliath beetle (D:6)
  9 killer bees (D:9)
  3 orc priests
  A quasit (D:7)
  A giant frog zombie (D:6)
  3 centaur zombies
  2 jellies (D:6)
  Crazy Yiuf (D:2)
  A centaur skeleton (D:5)
  2 iguanas
  2 human zombies (Ossuary)
  5 worker ants
  A giant frog skeleton (D:5)
  3 orc wizards
  4 sheep (D:7)
  2 big kobold zombies (Ossuary)
  A hound zombie (D:6)
  Terence (D:3)
  2 mummies (Ossuary)
  A worker ant zombie (D:9)
  2 gnolls (D:3)
  11 adders
  A river rat (D:4)
  2 shadow imps (D:6)
  2 worms
  An adder zombie (D:7)
  2 oozes
  35 orcs
  A ball python (D:1)
  2 bat skeletons
  A bat zombie (D:7)
  5 giant cockroaches
  13 goblins
  21 hobgoblins
  21 bats
  5 giant geckos
  A giant gecko skeleton (D:8)
  5 giant newts
  A goblin zombie (Ossuary)
  7 hobgoblin zombies (Ossuary)
  14 jackals
  2 jackal zombies (Ossuary)
  15 kobolds
  11 kobold zombies (Ossuary)
  8 orc zombies (Ossuary)
  7 quokkas
  20 rats
  A rat zombie (Ossuary)
  2 ballistomycetes (D:8)
  A fungus (D:2)
335 creatures vanquished.

Vanquished Creatures (collateral kills)
  A polar bear (IceCv)
  Menkaure (D:4)
  2 wights (D:6)
  An orc priest (D:4)
  A hound skeleton (D:4)
  5 gnolls
  A giant mite (D:4)
  5 orcs
  2 hobgoblins (D:3)
  2 goblins (D:3)
21 creatures vanquished.

Vanquished Creatures (others)
  A yak (IceCv)
  An electric eel (D:8)
  A gnoll shaman (D:4)
  Robin (D:3)
  A giant spore (D:8)
5 creatures vanquished.

Grand Total: 361 creatures vanquished
